 Dungeon Crawl Stone Soup version 0.18-a0-1418-ga86aa8f (webtiles) character file.

431 M4edhros the Insei (level 6, -3/38 HPs)
             Began as an Octopode Artificer on Feb 26, 2016.
             Slain by Ijustatesigmund's ghost (12 damage)
             ... on level 4 of the Dungeon.
             The game lasted 00:05:20 (6106 turns).

M4edhros the Insei (Octopode Artificer)             Turns: 6106, Time: 00:05:21

Health: -3/38      AC:  6    Str:  8    XL:     6   Next: 99%
Magic:  7/7        EV: 12    Int: 20    God:    Xom [......]
Gold:   116        SH:  0    Dex: 12    Spells: 0 memorised, 5 levels left

rFire  . . .     SeeInvis .     v - +3 scythe (protect)
rCold  . . .     Gourm    .     (shield currently unavailable)
rNeg   . . .     Faith    .     (helmet restricted)
rPois  +         Spirit   .     (no amulet)
rElec  .         Dismiss  .     e - ring of flight
rCorr  .         Reflect  .     (no ring)
SustAt .         Harm     .     (no ring)
MR     +....                    (no ring)
Stlth  +++.......               (no ring)
                                (no ring)
                                (no ring)
                                (no ring)

@: brilliant, flying, very slightly contaminated, hasted, very quick, somewhat
resistant to hostile enchantments, fairly stealthy
A: almost no armour, amphibious, 8 rings, constrict 8, camouflage 1, dopey 1,
low mp 1, magic resistance 1, poison resistance, weak 1, gelatinous body 1
a: Renounce Religion


You were on level 4 of the Dungeon.
You worshipped Xom.
You were a very special plaything of Xom.
You were not hungry.

You visited 1 branch of the dungeon, and saw 4 of its levels.

You collected 116 gold pieces.

Inventory:

Hand Weapons
 j - a +0 short sword of venom
 v - a +3 scythe of protection (weapon)
Missiles
 l - 84 stones (quivered)
Jewellery
 e - a ring of flight (left tentacle)
Wands
 b - a wand of flame (15/48)
 c - a wand of enslavement (15/24)
 d - a wand of random effects (10/48)
 q - a wand of random effects (26/48)
Scrolls
 a - a scroll of immolation {unknown}
 g - a scroll of enchant armour {unknown}
 i - 3 scrolls of enchant weapon {unknown}
 k - 3 scrolls of identify {unknown}
 m - a scroll of remove curse {unknown}
 n - 2 scrolls of recharging {unknown}
 o - a scroll of magic mapping {unknown}
 t - a scroll of random uselessness {unknown}
Potions
 h - a potion of curing
Comestibles
 f - 2 bread rations


   Skills:
 - Level 1.0 Fighting
 - Level 1.0 Short Blades
 - Level 2.0 Dodging
 - Level 1.3 Stealth
 + Level 6.8 Unarmed Combat
 - Level 3.2 Evocations


You had 5 spell levels left.
You didn't know any spells.

Dungeon Overview and Level Annotations

Branches:
Dungeon (4/15)
 Temple: D:4-7

Altars:
Dithmenos
Kikubaaqudgha
Makhleb
Qazlal
Sif Muna
Xom
The Shining One

Annotations:
D:4 Ijustatesigmund's ghost, novice OpMo


Innate Abilities, Weirdness & Mutations

You cannot wear most types of armour.
You are amphibious.
You can wear up to eight rings at the same time.
You can use your tentacles to constrict eight enemies at once.
Your skin changes colour to match your surroundings (Stealth).
Your rubbery body absorbs attacks (AC +1).
You are dopey. (Int -2)
Your magical capacity is low (-10% MP).
You are resistant to hostile enchantments.
Your system is resistant to poisons.
You are weak. (Str -2)


Message History

Attack whom?
Press: ? - help, Dir - move target cursor, f/p - Ijustatesigmund's ghost
Aim: Ijustatesigmund's ghost You reach to attack!
You miss Ijustatesigmund's ghost.
Ijustatesigmund's ghost hits you but does no damage.
There is a stone staircase leading up here.
You closely miss Ijustatesigmund's ghost.
Ijustatesigmund's ghost hits you.
You barely miss Ijustatesigmund's ghost.
You tentacle-slap Ijustatesigmund's ghost.
Your squeeze misses Ijustatesigmund's ghost.
Ijustatesigmund's ghost is lightly damaged.
Ijustatesigmund's ghost hits you but does no damage.
You closely miss Ijustatesigmund's ghost.
Ijustatesigmund's ghost is lightly damaged.
Ijustatesigmund's ghost hits you.
* * * LOW HITPOINT WARNING * * *
Ijustatesigmund's ghost hits you!
You die...
Xom howls with laughter!

.... ##.. .#.#
#...# ... ....
.. ##..# #.
#..#
##.##.###.#
.?###.........#
........W.###
.#.######@..#
............#
..#######......
###... .. .


You could see Ijustatesigmund's ghost.

Vanquished Creatures
  Grinder (D:3)
  2 vampire bats (D:3)
  Natasha (D:3)
  4 adders
  An ooze (D:1)
  A worm (D:2)
  4 dart slugs
  A giant gecko (D:2)
  An orc (D:3)
  2 ball pythons (D:2)
  7 bats
  4 bat skeletons (D:3)
  A bat zombie (D:3)
  5 giant cockroaches (D:2)
  9 goblins
  10 hobgoblins
  3 jackals (D:2)
  8 kobolds
  A quokka (D:2)
  6 giant newts
  3 rats
75 creatures vanquished.

Notes
Turn   | Place    | Note
--------------------------------------------------------------
     0 | D:1      | M4edhros the Octopode Artificer began the quest for the Orb.
     0 | D:1      | Reached XP level 1. HP: 13/13 MP: 3/3
   229 | D:1      | Reached skill level 1 in Unarmed Combat
   239 | D:1      | Reached XP level 2. HP: 8/18 MP: 4/4
   398 | D:1      | Reached skill level 2 in Unarmed Combat
   818 | D:2      | Reached XP level 3. HP: 19/23 MP: 5/5
  1070 | D:2      | Reached skill level 3 in Unarmed Combat
  1109 | D:2      | Found a shimmering altar of Xom.
  1115 | D:2      | Found a stormy altar of Qazlal.
  1116 | D:2      | Found a burning altar of Makhleb.
  1129 | D:2      | Became a worshipper of Xom of Chaos
  1177 | D:2      | XOM: harmless Fire miscast
  1255 | D:2      | XOM: harmless Air miscast
  1286 | D:2      | Reached XP level 4. HP: 20/28 MP: 6/6
  1289 | D:2      | Found a glowing golden altar of the Shining One.
  1496 | D:2      | XOM: give mutations
  1496 | D:2      | Gained mutation: You are resistant to hostile enchantments. [Xom's grace]
  1496 | D:2      | Gained mutation: Your system is resistant to poisons. [Xom's grace]
  1757 | D:3      | Found a shadowy altar of Dithmenos.
  1757 | D:3      | XOM: noise
  1985 | D:3      | XOM: repel stairs
  1986 | D:3      | Reached skill level 4 in Unarmed Combat
  2187 | D:3      | Noticed Grinder
  2868 | D:2      | XOM: silly message
  2944 | D:2      | XOM: harmless Necr miscast
  5058 | D:3      | XOM: 2-stop teleportation journey
  5235 | D:3      | XOM: mild Chrm miscast
  5249 | D:3      | Noticed Sigmund
  5251 | D:3      | Noticed Sigmund
  5251 | D:3      | Sigmund changed into Sigmund the adder
  5251 | D:3      | XOM: polymorph Sigmund -> Sigmund the adder
  5254 | D:3      | Killed Sigmund the adder
  5254 | D:3      | Reached XP level 5. HP: 33/33 MP: 7/7
  5256 | D:3      | XOM: mild Hex miscast
  5458 | D:3      | Noticed Natasha
  5471 | D:3      | Killed Natasha
  5709 | D:3      | Found an ancient bone altar of Kikubaaqudgha.
  5721 | D:3      | Reached skill level 5 in Unarmed Combat
  5746 | D:3      | Reached XP level 6. HP: 31/38 MP: 8/8
  5819 | D:3      | Found a deep blue altar of Sif Muna.
  5864 | D:3      | Killed Grinder
  5864 | D:3      | Reached skill level 6 in Unarmed Combat
  5913 | D:3      | XOM: blink monster(s)
  6092 | D:3      | XOM: give mutations
  6092 | D:3      | Gained mutation: Your magical capacity is low (-10% MP). [Xom's mischief]
  6092 | D:3      | Gained mutation: You are weak. (Str -2) [Xom's mischief]
  6092 | D:3      | Gained mutation: You are dopey. (Int -2) [Xom's mischief]
  6097 | D:4      | Noticed Ijustatesigmund's ghost (novice OpMo)
  6106 | D:4      | Slain by Ijustatesigmund's ghost

Vault maps used:
D:1:      onia_arrival_pyramid, serial_forest, infiniplex_forest_lined_room_3,
          infiniplex_forest_zigzag_1, infiniplex_forest_straight_4,
          infiniplex_forest_clump_cross, infiniplex_forest_straight_4,
          infiniplex_forest_clump_diagonal, infiniplex_forest_zigzag_1,
          infiniplex_forest_end_2
D:2:      nicolae_tso_swordbearing_angel, minitemple, first_bread
D:3:      kennysheep_vampire_church, lemuel_blue_sif_altar,
          grunt_dithmenos_smoke, uniq_grinder, uniq_sigmund, uniq_natasha
D:4:      lemuel_coloured_pillars_altar, yredelemnul_altar_generic

Skill      XL: |  1  2  3  4  5  6 |
---------------+-------------------+-----
Unarmed Combat | 1 2 3 4 5 6 |  6.8
Fighting       | |  1.0
Short Blades   | |  1.0
Dodging        | |  2.0
Stealth        | |  1.3
Evocations     | |  3.2

Action                   |  1- 3 |  4- 6 || total
-------------------------+-------+-------++-------
Melee: Unarmed           |    86 |    74 ||   160
       Scythe            |       |    45 ||    45
Evoke: Wand              |       |     5 ||     5
  Use: Potion            |     1 |     4 ||     5
 Stab: Sleeping          |     5 |     2 ||     7
       Paralysed         |       |     1 ||     1
  Eat: Chunk             |     1 |     6 ||     7
       Bread ration      |       |     1 ||     1
       Royal jelly       |       |     1 ||     1
       Meat ration       |       |     1 ||     1
